General information
			 
			
        
        - name: BNet
- type: Ladder 1vs1/FFA
- host: Battle.net
- saver: GnR159
 map: GnollWood
- players: 2
- length: 11:15
- speed: Fast
- version: 1.26 W3XP
- replay type:  Public
 » download(38 KB)
Players
        team 1 (winner) 
              
               GnR159
GnR159 (
yellow | 123 APM | 1385 actions | 11:15)
              
 4 Goblin Tinker
 4 Goblin Tinker  2
 2 Pocket Factory
 2
 2 Engineering Upgrade
 2 Naga Sea Witch
 2 Naga Sea Witch  1
 1 Frost Arrows
 1
 1 Forked Lightning
                | Assign group hotkey | 29 |  | 
| Basic commands | 9 |  | 
| Build / train | 58 |  | 
| Enter build submenu | 13 |  | 
| Enter hero's abilities submenu | 7 |  | 
| Remove unit from queue | 8 |  | 
| Right click | 561 |  | 
| Select / deselect | 282 |  | 
| Select group hotkey | 377 |  | 
| Use ability | 41 |  | 
                1385 total
 » units 
                » upgrades
                » buildings
                
                | Moon Well | 4 |  | 
| Ancient of War | 3 |  | 
| Altar of Elders | 1 |  | 
| Tree of Ages | 1 |  | 
| Ancient of Wind | 2 |  | 
| Ancient of Wonders | 1 |  | 
                12 total
 » build order
                00:16 Moon Well
00:37 Ancient of War
00:43 Altar of Elders
01:52 Moon Well
02:04 Ancient of War
02:45 Ancient of War
03:25 Moon Well
04:15 Tree of Ages
08:19 Ancient of Wind
08:38 Moon Well
09:39 Ancient of Wind
09:42 Ancient of Wonders
» items
                
                | Boots of Speed | 1 |  | 
| Staff of Teleportation | 1 |  | 
| Potion of Lesser Invulnerability | 1 |  | 
                3 total
  team 2 (loser) 
              
               ThugMaSteR
ThugMaSteR (
blue | 71 APM | 778 actions | 10:53)
              
 2 Demon Hunter
 2 Demon Hunter  1
 1 Mana Burn
 1
 1 Immolation
                | Assign group hotkey | 38 |  | 
| Build / train | 30 |  | 
| Enter build submenu | 13 |  | 
| Enter hero's abilities submenu | 2 |  | 
| Right click | 390 |  | 
| Select / deselect | 198 |  | 
| Select group hotkey | 75 |  | 
| Use ability | 32 |  | 
                778 total
 » units 
                » buildings
                
                | Altar of Elders | 1 |  | 
| Moon Well | 6 |  | 
| Ancient of War | 3 |  | 
| Hunter's Hall | 1 |  | 
                11 total
 » build order
                00:14 Altar of Elders
00:19 Moon Well
00:44 Ancient of War
01:36 Moon Well
01:59 Ancient of War
02:17 Moon Well
03:01 Hunter's Hall
03:24 Moon Well
04:34 Moon Well
05:43 Ancient of War
07:22 Moon Well
  Chat log
          (00:55 / All) ThugMaSteR: bye nub
(01:02 / All) GnR159: LMAO
(01:07 / All) ThugMaSteR: just leave dude
(01:11 / All) ThugMaSteR: u lost already
(01:16 / All) GnR159: why is that?
(01:23 / All) ThugMaSteR: watch
(01:31 / All) ThugMaSteR: u wasted resources
(02:07 / All) GnR159: gg
(02:09 / All) GnR159: bye
(08:41 / All) GnR159: U REALLY BAD
(08:46 / All) ThugMaSteR: u r lucky
(08:49 / All) GnR159: LMAAOOOOO
(09:29 / All) ThugMaSteR: nub
(09:56 / All) ThugMaSteR: hack more
(10:00 / All) GnR159: HAHAHAHA
(10:01 / All) ThugMaSteR: u still cant win
(10:02 / All) GnR159: HOW DID I HACK
(10:03 / All) GnR159: YOU DUMB FUCK
(10:11 / All) ThugMaSteR: im not even tryn nub
(10:38 / All) ThugMaSteR: lucky as fuck
(10:40 / All) GnR159: LMAOOOO
(10:44 / All) ThugMaSteR: no skill
(10:45 / All) ThugMaSteR: all ping
(10:50 / All) ThugMaSteR: gj nub shit